 Dungeon Crawl Stone Soup version 0.21-a0-150-gc243083 (webtiles) character file.

2166 Lunath the Ruffian (level 9, -6/80 HPs)
             Began as a Troll Transmuter on July 29, 2017.
             Mangled by a two-headed ogre
             ... wielding a +0 giant club
              (13 damage)
             ... on level 6 of the Dungeon.
             The game lasted 00:11:09 (4509 turns).

Lunath the Ruffian (Troll Transmuter)               Turns: 4509, Time: 00:11:09

Health: -6/80      AC:  7    Str: 20    XL:     9   Next: 10%
Magic:  8/12       EV: 10    Int: 12    God:
Gold:   438        SH:  0    Dex: 10    Spells: 1/13 levels left

rFire    . . .     SeeInvis .     - Unarmed
rCold    . . .     Gourm    +   (no shield)
rNeg     . . .     Faith    .   b - +0 robe
rPois    .         Spirit   .   (helmet restricted)
rElec    .         Reflect  .   (no cloak)
rCorr    +         Harm     .   (gloves unavailable)
MR       .....                  (boots unavailable)
Stlth    +.........             (no amulet)
HPRegen  0.63/turn              y - +2 ring of protection
MPRegen  0.13/turn              s - ring of resist corrosion

@: no status effects
A: unfitting armour, claws 3, fast metabolism 3, gourmand, regeneration 1,
shaggy fur 1, tough skin 2
a: no special abilities


You were on level 6 of the Dungeon.
You were completely stuffed.

You visited 2 branches of the dungeon, and saw 7 of its levels.

You collected 438 gold pieces.

Inventory:

Hand Weapons
 C - a +0 giant spiked club
Missiles
 a - 142 arrows
 E - 5 tomahawks (quivered)
Armour
 b - a +0 robe (worn)
Jewellery
 s - a ring of resist corrosion (right claw)
 y - a +2 ring of protection (left claw)
 D - an uncursed ring of ice
Wands
 A - a wand of clouds (4/9)
 F - a wand of scattershot (7/9)
Scrolls
 e - a scroll of noise {unknown}
 h - 3 scrolls of enchant weapon {unknown}
 k - a scroll of blinking {unknown}
 l - 2 scrolls of magic mapping {unknown}
 n - 4 scrolls of identify {unknown}
 p - a scroll of immolation {unknown}
 t - 9 scrolls of teleportation {unknown}
 v - a scroll of enchant armour {unknown}
 x - 2 scrolls of remove curse {unknown}
Potions
 f - a potion of brilliance {unknown}
 g - a potion of ambrosia {unknown}
 i - 2 potions of flight {unknown}
 j - a potion of berserk rage {unknown}
 m - a potion of magic {unknown}
 o - a potion of lignification {unknown}
 q - a potion of mutation {unknown}
 r - 5 potions of curing {unknown}
 u - a potion of degeneration {unknown}
 z - a potion of invisibility {unknown}
Books
 c - a book of Changes

   Spells                             Type                      Level
   a - Beastly Appendage              Transmutation                1
   b - Sticks to Snakes               Transmutation                2
   c - Spider Form                    Transmutation/Poison         3
   d - Ice Form                       Ice/Transmutation            4
   e - Blade Hands                    Transmutation                5
Comestibles
 d - 9 bread rations
 w - 2 royal jellies
 B - 8 chunks of flesh


   Skills:
 + Level 2.5 Fighting
 - Level 1.5 Dodging
 * Level 7.5 Unarmed Combat
 - Level 2.9 Spellcasting
 - Level 5.7 Transmutations
 - Level 2.8 Ice Magic


You had one spell level left.
You knew the following spells:

 Your Spells              Type           Power        Failure   Level  Hunger
a - Beastly Appendage     Tmut           ###...       2%          1    #......
b - Sticks to Snakes      Tmut           ###.....     3%          2    ###....
c - Ice Form              Ice/Tmut       ##......     38%         4    #####..
d - Blade Hands           Tmut           ###.......   54%         5    ######.


Dungeon Overview and Level Annotations

Branches:
Dungeon (6/15)             Temple (1/1) D:5

Altars:
Ashenzari
Cheibriados
Dithmenos
Elyvilon
Fedhas
Gozag
Hepliaklqana
Kikubaaqudgha
Makhleb
Nemelex Xobeh
Qazlal
Ru
Sif Muna
Trog
Uskayaw
Wu Jian
Xom
Yredelemnul
Zin
The Shining One


Innate Abilities, Weirdness & Mutations

You are too large for most types of armour.
You have claws for hands.
Your metabolism is lightning-fast.
You like to eat raw meat.
Your natural rate of healing is unusually fast.
You are covered in fur. (AC +1)
You have very tough skin. (AC +2)


Message History

The worker ant bites you but does no damage.
Your adder bites the two-headed ogre.
Your ball python barely misses the worker ant.
Your ball python grabs the worker ant.
Your ball python constricts the worker ant.
You claw the worker ant!
The worker ant is almost dead.
Your adder bites the two-headed ogre but does no damage.
The worker ant bites you.
* * * LOW HITPOINT WARNING * * *
The two-headed ogre barely misses your adder.
The two-headed ogre hits your adder with a giant club!!
Your adder dies!
Your ball python bites the worker ant but does no damage.
Your ball python constricts the worker ant.
The two-headed ogre shouts in stereo!
You mangle the worker ant!!
You kill the worker ant!
The two-headed ogre hits you with a giant club!
You die...

########## #......(.#
..######.####
#...........#
..####......## #.#
#.....#.######## #.#
#.....##.......# ### #.#
#.......######.# ..
#.####.........S@.#.# .#
...<..###.#.#####O#.###.#
#.###.# #.#.# #........#
#.# #.# #.#.# #.#####..#
..# #.# #.#.# #. #..# .##
#.# #.#.# #. #....
>####.###.#.## #. #..###
.............###. #...
#####..........#. .?..(


You could see a two-headed ogre and a friendly ball python.

Vanquished Creatures
  Grinder (D:3)
  Sigmund (D:3)
  Menkaure (D:4)
  2 sky beasts (D:5)
  An ice beast (D:6)
  2 phantoms
  2 ogres
  2 centaurs
  2 bullfrogs (D:6)
  A gnoll sergeant (D:6)
  A water moccasin zombie (D:5)
  2 scorpions
  A howler monkey (D:6)
  A bullfrog zombie (D:6)
  A hound (D:4)
  An orc priest (D:5)
  2 orc wizards (D:5)
  Terence (D:3)
  An iguana (D:4)
  4 worker ants
  A killer bee zombie (D:5)
  Robin (D:3)
  6 gnolls
  8 adders
  An ooze (D:3)
  4 dart slugs
  5 leopard geckos
  8 orcs
  5 giant cockroaches
  2 gnoll zombies (D:2)
  19 goblins
  8 hobgoblins
  12 jackals
  5 kobolds
  2 quokkas
  2 ball pythons
  3 bats
  A frilled lizard (D:1)
  6 rats
129 creatures vanquished.

Notes
Turn   | Place    | Note
-------+----------+-------------------------------------------
     0 | D:1      | Lunath the Troll Transmuter began the quest for the Orb.
     0 | D:1      | Reached XP level 1. HP: 18/18 MP: 1/1
   185 | D:1      | Reached XP level 2. HP: 26/26 MP: 2/2
   199 | D:1      | Learned a level 2 spell: Sticks to Snakes
   698 | D:2      | Reached XP level 3. HP: 32/32 MP: 3/3
  1138 | D:2      | Found a basalt altar of Yredelemnul.
  1207 | D:3      | Reached XP level 4. HP: 22/40 MP: 4/4
  1265 | D:3      | Noticed Robin
  1295 | D:3      | Killed Robin
  1368 | D:3      | Noticed a centaur
  1370 | D:3      | Killed a centaur
  1370 | D:3      | Reached skill level 4 in Unarmed Combat
  1370 | D:3      | Reached XP level 5. HP: 42/46 MP: 6/6
  1376 | D:3      | Learned a level 4 spell: Ice Form
  1413 | D:3      | Noticed Terence
  1420 | D:3      | Killed Terence
  1453 | D:3      | Noticed Sigmund
  1461 | D:3      | Killed Sigmund
  1461 | D:3      | Reached skill level 1 in Ice Magic
  1461 | D:3      | Reached XP level 6. HP: 49/54 MP: 7/7
  1556 | D:3      | Noticed Grinder
  1557 | D:3      | Paralysed by Grinder for 4 turns
  1568 | D:3      | Killed Grinder
  1568 | D:3      | Reached XP level 7. HP: 17/61 MP: 7/9
  1976 | D:3      | Found a stormy altar of Qazlal.
  2280 | D:4      | Reached skill level 5 in Unarmed Combat
  2417 | D:4      | Found a hazy altar of Hepliaklqana.
  2483 | D:4      | Noticed Menkaure
  2488 | D:4      | Killed Menkaure
  2745 | D:4      | Reached skill level 5 in Transmutations
  2759 | D:4      | Reached XP level 8. HP: 52/68 MP: 10/10
  3017 | D:5      | Entered Level 5 of the Dungeon
  3278 | D:5      | Learned a level 5 spell: Blade Hands
  3287 | D:5      | Found a glowing silver altar of Zin.
  3287 | D:5      | Found a blossoming altar of Fedhas.
  3288 | D:5      | Found a bloodstained altar of Trog.
  3469 | D:5      | Found a staircase to the Ecumenical Temple.
  3479 | Temple   | Entered the Ecumenical Temple
  3772 | D:5      | Reached skill level 1 in Fighting
  3772 | D:5      | Reached skill level 6 in Unarmed Combat
  3928 | D:6      | Found a white marble altar of Elyvilon.
  4118 | D:6      | Reached skill level 7 in Unarmed Combat
  4127 | D:6      | Reached XP level 9. HP: 79/79 MP: 12/12
  4239 | D:6      | Found a hide-covered altar of Uskayaw.
  4491 | D:6      | Noticed a two-headed ogre
  4509 | D:6      | Mangled by a two-headed ogre

Vault maps used:
D:1:      wheals_arrival_shading
D:2:      lemuel_zombie_altar_yredelemnul
D:3:      marbit_many_paths, first_bread, uniq_sigmund, uniq_robin,
          uniq_terence, uniq_grinder
D:4:      kennysheep_little_box, uniq_menkaure
D:5:      gammafunk_temple_overflow_forgotten, temple_hall
D:6:      elyvilon_altar_5, nicolae_overflow_hidden_temple
Temple:   minmay_temple_bridge_abc

Skill      XL: |  1  2  3  4  5  6  7  8 |
---------------+-------------------------+-----
Transmutations | 2 3 4 5 |  5.7
Unarmed Combat | 4 5 7 |  7.5
Ice Magic      | 1 2 |  2.8
Spellcasting   | 2 |  2.9
Fighting       | 2 |  2.5
Dodging        | |  1.5

Action                   |  1- 3 |  4- 6 |  7- 9 || total
-------------------------+-------+-------+-------++-------
Melee: Unarmed           |    83 |    57 |   248 ||   388
       Punch             |     1 |       |     4 ||     5
       Headbutt          |       |       |     1 ||     1
 Cast: Sticks to Snakes  |       |       |     8 ||     8
       Beastly Appendage |       |       |     1 ||     1
  Eat: Chunk             |    15 |     5 |    27 ||    47
Armor: Robe              |    25 |    14 |    66 ||   105
Dodge: Dodged            |    40 |    23 |   111 ||   174
